 Dungeon Crawl Stone Soup version 0.30-a0-465-g8901f6c8b5 (webtiles) character file.

Game seed: 2565527296976022271

3643 cforsyth the Protected (level 9, -3/84 HPs)
             Began as an Armataur Gladiator on Dec 18, 2022.
             Was a Believer of Okawaru.
             Slain by a troll (6 damage)
             ... on level 9 of the Dungeon on Dec 19, 2022.
             The game lasted 00:15:30 (8899 turns).

cforsyth the Protected (Armataur Gladiator)         Turns: 8899, Time: 00:15:30

Health: -3/84      AC: 19    Str: 26    XL:     9   Next: 88%
Magic:  0/9        EV:  6    Int: 12    God:    Okawaru [**....]
Gold:   293        SH:  0    Dex: 12    Spells: 8/8 levels left

rFire   . . .      SeeInvis .    O - +3 dire flail (freeze)
rCold   . . .      Faith    .    (shield currently unavailable)
rNeg    . . .      Spirit   +    s - +0 plate armour
rPois   +          Reflect  .    c - +0 helmet
rElec   .          Harm     .    S - +2 cloak {rPois}
rCorr   .          Roll     +    p - +1 pair of gloves
Will    .....                    (no barding)
Stlth   ..........               C - amulet of guardian spirit
HPRegen 0.34/turn                n - +6 ring of strength
MPRegen 0.11/turn                (no ring)

@: no status effects
A: large, rugged brown scales 3, deformed body, armoured tail, roll, long
tongue, awkward tongue
a: Renounce Religion, Heroism


You were on level 9 of the Dungeon.
You worshipped Okawaru.
Okawaru was pleased with you.
You visited 2 branches of the dungeon, and saw 10 of its levels.

You collected 639 gold pieces.
You spent 346 gold pieces at shops.

Inventory:

Hand Weapons
 a - a +0 flail
 t - a +0 mace of protection
 w - a +1 flail of venom
 N - a +3 flail
 O - a +3 dire flail of freezing (weapon)
Missiles
 d - 3 throwing nets (quivered)
 e - 4 javelins
 R - 4 silver javelins
Armour
 b - a +0 leather armour
 c - a +0 helmet (worn)
 h - a +1 robe of fire resistance
 p - a +1 pair of gloves (worn)
 r - a +0 ring mail
 s - a +0 plate armour (worn)
 H - a +3 leather armour
 S - a +2 cloak of poison resistance (worn)
Jewellery
 n - a +6 ring of strength (left hand)
 C - an amulet of guardian spirit (around neck)
 T - a +4 ring of slaying
Wands
 j - a wand of flame (9)
 y - a wand of roots (14)
Scrolls
 f - 3 scrolls of teleportation
 g - 3 scrolls of amnesia
 v - 4 scrolls of blinking
 z - 2 scrolls of enchant armour
 B - a scroll of enchant weapon
 E - a scroll of magic mapping
 F - a scroll of poison {unknown}
 J - a scroll of brand weapon
 K - a scroll of fog {unknown}
 M - a scroll of immolation {unknown}
 P - a scroll of fear {unknown}
 U - a scroll of silence {unknown}
Potions
 i - 3 potions of heal wounds
 k - 4 potions of curing
 l - a potion of mutation {unknown}
 o - 4 potions of brilliance
 q - a potion of flight {unknown}
 u - 2 potions of lignification
 D - a potion of might {unknown}
 G - a potion of haste {unknown}
 I - a potion of magic
 L - 2 potions of cancellation {unknown}
 Q - a potion of invisibility {unknown}


   Skills:
 + Level 7.6 Fighting
 + Level 7.8 Maces & Flails
 - Level 3.2 Throwing
 + Level 8.7 Armour
 - Level 3.1 Dodging


You had 8 spell levels left.
You didn't know any spells.
Your spell library contained the following spells:

 Spells                   Type           Power      Damage    Failure   Level
 Sandblast                Erth           0%         2d4       98%         1
 Ensorcelled Hibernation  Hex/Ice        0%         N/A       99%         2
 Passwall                 Tmut/Erth      0%         N/A       99%         2
 Sublimation of Blood     Necr           0%         N/A       99%         2
 Wereblood                Tmut           0%         N/A       99%         2
 Gell's Gravitas          Tloc           0%         N/A       100%        3
 Inner Flame              Hex/Fire       0%         N/A       100%        3
 Lesser Beckoning         Tloc           0%         N/A       100%        3
 Stone Arrow              Conj/Erth      0%         3d7       100%        3
 Swiftness                Air            0%         N/A       100%        3
 Teleport Other           Tloc           0%         N/A       100%        3
 Cause Fear               Hex            0%         N/A       100%        4
 Discord                  Hex            0%         N/A       100%        8
 Summon Hydra             Summ           Unusable   N/A       N/A         7

Dungeon Overview and Level Annotations

Branches:
Dungeon (9/15)             Temple (1/1) D:5            Lair (0/5) D:9
    Orc: D:9-12

Altars:
Ashenzari
Cheibriados
Dithmenos
Elyvilon
Fedhas
Gozag
Hepliaklqana
Kikubaaqudgha
Makhleb
Okawaru
Qazlal
Ru
Sif Muna
Trog
Uskayaw
Wu Jian
Xom
Yredelemnul
Zin
The Shining One

Shops:
D:5 *   D:7 =   D:8 ?


Innate Abilities, Weirdness & Mutations

You are completely covered in rugged brown scales. (AC +3, +7% HP)
Armour fits poorly on your strangely shaped body.
You have a long armoured tail.
You roll when moving toward enemies. (Rampage)
Your long tongue fully drains potion bottles. (2x potion effects)
Your tongue gives you trouble enunciating. (1.5x scroll delay)


Message History

Okawaru accepts your kill.
You see here a hound corpse.
Magic restored.
You hear the faint creaking of a very distant portcullis.
A troll comes into view.
The troll shouts!
A troll is nearby!
You roll towards the troll!
You roll towards the troll!
An electric eel comes into view.
The troll bites you but does no damage. The troll claws you! x2
You hit the troll. You freeze the troll. You tail-slap the troll.
The troll is moderately wounded.
The troll bites you! The troll claws you. The troll claws you!
You bludgeon the troll!! You freeze the troll.
You tail-slap the troll, but do no damage.
The troll is severely wounded.
The troll bites you but does no damage. The troll claws you but does no damage.
The troll barely misses you.
You barely miss the troll.
The troll is severely wounded.
The troll bites you but does no damage. The troll claws you!
The troll claws you.
* * * LOW HITPOINT WARNING * * *
You closely miss the troll.
The troll is severely wounded.
The troll barely misses you. The troll claws you.
* * * LOW HITPOINT WARNING * * *
The troll claws you but does no damage.
The electric eel shoots out a bolt of lightning at you!
The bolt of electricity hits you!
* * * LOW HITPOINT WARNING * * *
Unknown command.
You closely miss the troll.
The troll is severely wounded.
The electric eel shoots out a bolt of lightning at you!
The bolt of electricity hits you!
* * * LOW HITPOINT WARNING * * *
The troll bites you.
You die...

,,,,,,,,.............#
,,,,,,,~.............#
,,,,,,,~.~..~........#
,,~~~,~~....~........#
,,~~~~~,≈≈≈~.........#
,,~~~~~~≈≈~..........#
~~~~~~~~~≈≈..........#
~~~~,~,~.~≈~~........#
~~~~~,,,.≈~≈....@....#
~~~~,,>,~.~≈~..T.....#
~~~~~,,,.~~.S........#
~~~~~,,~.≈~≈.........#
~~~~,~,~$≈≈~.........#
,~~~,~,~≈≈~..........#
,~~,~~,~~≈≈..........#
,,,~~~,~~≈~~.........#
,,~~~~,~~~~~,,,,,,,***


You could see a troll and an electric eel.

Vanquished Creatures
  Maurice (D:8)
  Psyche (D:8)
  Maggie (D:8)
  A wraith (D:8)
  Eustachio (D:5)
  3 yaks (D:6)
  A sky beast (D:7)
  2 centaurs
  3 wolves (D:8)
  A kobold brigand (D:8)
  4 bullfrogs
  A necrophage (D:6)
  A scorpion (D:4)
  3 wights (D:6)
  A howler monkey (D:8)
  4 hounds
  3 jellies
  6 orc priests
  An iguana (D:5)
  Ijyb (D:5)
  8 orc wizards
  4 gnolls (D:4)
  5 adders
  2 white imps
  An ufetubus (D:5)
  4 worms
  3 dart slugs
  63 orcs
  2 endoplasms (D:2)
  6 giant cockroaches
  6 goblins
  10 hobgoblins
  3 jackals (D:1)
  10 kobolds
  4 quokkas
  8 ball pythons
  5 bats
  A frilled lizard (D:1)
  7 rats
192 creatures vanquished.

Notes
Turn   | Place    | Note
-------+----------+-------------------------------------------
     0 | D:1      | cforsyth the Armataur Gladiator began the quest for the
                  | Orb.
     0 | D:1      | Reached XP level 1. HP: 18/18 MP: 1/1
   124 | D:1      | Reached XP level 2. HP: 23/25 MP: 2/2
   666 | D:2      | Reached XP level 3. HP: 31/31 MP: 3/3
   710 | D:2      | Found a faded altar of an unknown god.
  1180 | D:3      | Reached XP level 4. HP: 37/39 MP: 4/4
  1609 | D:3      | Reached XP level 5. HP: 41/44 MP: 5/5
  1790 | D:3      | HP: 1/47 [orc/+0 war axe (7)]
  2409 | D:4      | Reached XP level 6. HP: 54/54 MP: 6/6
  2983 | D:5      | Entered Level 5 of the Dungeon
  2983 | D:5      | Noticed Ijyb
  2991 | D:4      | Reached skill level 1 in Armour
  3266 | D:4      | Reached skill level 2 in Armour
  4056 | D:4      | Reached XP level 7. HP: 42/62 MP: 5/7
  4202 | D:5      | Found a staircase to the Ecumenical Temple.
  4367 | D:5      | Found Gozag's Platinum Reserve.
  4367 | D:5      | Found an opulent altar of Gozag.
  4380 | D:5      | Noticed Eustachio
  4462 | D:5      | Killed Eustachio
  4463 | D:5      | Reached skill level 3 in Armour
  4578 | D:5      | Reached skill level 5 in Maces & Flails
  4697 | D:5      | Killed Ijyb
  4929 | D:5      | Found a shimmering blue altar of Sif Muna.
  4932 | D:5      | Found a snail-covered altar of Cheibriados.
  4939 | D:5      | Found a glowing silver altar of Zin.
  4942 | D:5      | Found a stormy altar of Qazlal.
  4948 | D:5      | Found a shimmering altar of Xom.
  4952 | D:5      | Found a hide-covered altar of Uskayaw.
  5222 | D:5      | Found Wookk's CLEARANCE SALE!.
  5233 | D:5      | Bought a potion of magic for 24 gold pieces
  5233 | D:5      | Bought a scroll of brand weapon for 28 gold pieces
  5313 | D:6      | Reached skill level 4 in Armour
  5569 | D:6      | Reached XP level 8. HP: 71/71 MP: 8/8
  5603 | D:6      | Reached skill level 5 in Fighting
  5635 | D:6      | Reached skill level 5 in Armour
  5777 | D:6      | Found an ornate altar of the Wu Jian Council.
  5853 | D:6      | Reached skill level 6 in Armour
  6024 | D:6      | Found a basalt altar of Yredelemnul.
  6165 | D:6      | Found a white marble altar of Elyvilon.
  6407 | Temple   | Entered the Ecumenical Temple
  6448 | Temple   | Became a worshipper of Warmaster Okawaru
  6900 | D:7      | Reached XP level 9. HP: 74/80 MP: 7/9
  7183 | D:7      | Found Lievun's Jewellery Boutique.
  7872 | D:8      | Found a broken altar of Ashenzari.
  7914 | D:8      | Noticed Maurice
  7922 | D:8      | Killed Maurice
  7922 | D:8      | Reached * piety under Okawaru
  7923 | D:8      | Reached skill level 7 in Armour
  8031 | D:8      | Noticed Maggie
  8038 | D:8      | Killed Maggie
  8188 | D:8      | Noticed Psyche
  8194 | D:8      | Killed Psyche
  8195 | D:8      | Reached skill level 8 in Armour
  8501 | D:8      | Found Afry's Magic Scroll Shoppe.
  8506 | D:8      | Bought 2 scrolls of blinking for 180 gold pieces
  8506 | D:8      | Bought a scroll of magic mapping for 90 gold pieces
  8506 | D:8      | Bought a scroll of identify for 24 gold pieces
  8872 | D:8      | Reached ** piety under Okawaru
  8892 | D:9      | Noticed a troll
  8899 | D:9      | HP: 3/84 [electric eel/bolt of electricity (7)]
  8899 | D:9      | Slain by a troll

Illustrated notes

Levels and vault maps discovered:
D:1:      lightli_molten_gateway, layout_rooms, dreamdust_wishing_well,
          minmay_nonomino_d4
D:2:      layout_basic, hellmonk_ecumenical_altar_pennies_from_heaven
D:3:      layout_loops_ring, minmay_quantized
D:4:      layout_gridville
D:5:      layout_basic, nicolae_overflow_hallway_of_the_gods,
          nicolae_gozag_zags_fifth_avenue, minmay_temple_entry_glassed_door,
          grunt_ministairs_9, nicolae_shop_clearance, uniq_eustachio, uniq_ijyb
D:6:      layout_basic, kennysheep_ying_yang, nzn_wu_jian_contemplation
D:7:      layout_layer_cave, serial_shops, shop, grunt_ministairs_2,
          minivault_25
D:8:      layout_basic, lemuel_crystal_altar, serial_shops,
          kennysheep_little_box, special_room [special_room_orc], uniq_psyche,
          uniq_maggie, uniq_maurice
D:9:      layout_irregular_city, nicolae_vehumet_radiance, erik_lair_island,
          enter_bailey_3, lightli_minifort
Temple:   nicolae_temple_cloud_nine

Skill      XL: |  1  2  3  4  5  6  7  8  9 |
---------------+----------------------------+-----
Fighting       | 2 3 4 6 7 |  7.6
Throwing       | 2 3 |  3.2
Maces & Flails | 3 4 5 6 7 |  7.8
Dodging        | 3 |  3.1
Armour         | 2 4 6 8 |  8.7

Action                   |  1- 3 |  4- 6 |  7- 9 || total
-------------------------+-------+-------+-------++-------
Melee: Flail             |   119 |    13 |       ||   132
       Tailslap          |    14 |    22 |    49 ||    85
       Mace              |       |   180 |   202 ||   382
       Punch             |       |     3 |     2 ||     5
       Dire flail        |       |       |   134 ||   134
       Unarmed           |       |       |     1 ||     1
  Use: Potion            |       |     1 |     1 ||     2
       Scroll            |       |     3 |     7 ||    10
 Stab: Sleeping          |     1 |       |       ||     1
Armor: Leather armour    |    13 |       |       ||    13
       Robe              |    45 |       |       ||    45
       Ring mail         |     4 |     6 |       ||    10
       Plate armour      |       |   135 |   333 ||   468
Dodge: Dodged            |    70 |    52 |   122 ||   244

Table legend: (Time is in decaauts)
 A = Elapsed time spent in this place.
 B = Non-inter-level travel time spent in this place.
 C = Inter-level travel time spent in this place.
 D = Time resting spent in this place.
 E = Time spent auto-exploring this place.
 F = Levels seen in this place.
 G = Mean time per level.
                   A        B        C        D        E       F      G
               +--------+--------+--------+--------+--------+-----+--------+
         Total |   9010 |   8618 |    392 |   1120 |   5835 |  10 |  901.0 |
       Dungeon |   8962 |   8578 |    384 |   1120 |   5798 |   9 |  995.8 |
        Temple |     47 |     40 |      7 |      0 |     37 |   1 |   47.0 |
               +--------+--------+--------+--------+--------+-----+--------+

Top non-repeatable levels by time:
     D:4: 2009 daAuts
     D:6: 1284 daAuts
     D:5: 1247 daAuts
     D:7: 1198 daAuts
     D:3: 1079 daAuts
     D:8: 985 daAuts
     D:1: 671 daAuts
     D:2: 440 daAuts
  Temple: 47 daAuts
     D:9: 46 daAuts
